 Dungeon Crawl Stone Soup version 0.26-a0-849-gf1512cd430 (webtiles) character file.

Game seed: 8367059972840657239

203201 Baz the Spry (level 17, 0/89 HPs)
             Began as a Felid Wanderer on Nov 20, 2020.
             Was the Champion of Dithmenos.
             Slain by the 27-headed Lernaean hydra (15 damage)
             ... on level 4 of the Swamp.
             The game lasted 03:07:09 (67195 turns).

Baz the Spry (Felid Wanderer)                      Turns: 67195, Time: 03:07:09

Health: 0/89       AC:  3    Str:  8    XL:     17   Next: 97%
Magic:  23/23      EV: 34    Int: 18    God:    Dithmenos [******]
Gold:   3004       SH:  9    Dex: 17    Spells: 5/22 levels left
                                        Lives:  0   Deaths: 3

rFire    . . .     SeeInvis +     - Unarmed
rCold    + . .     Faith    .   (shield unavailable)
rNeg     . . .     Spirit   .   (armour unavailable)
rPois    .         Reflect  +   (helmet unavailable)
rElec    .         Harm     .   (cloak unavailable)
rCorr    .         Rampage  .   (gloves unavailable)
MR       ++...                  (boots unavailable)
Stlth    +++++++++.             a - amulet of reflection
HPRegen  0.24/turn              B - ring of wizardry
MPRegen  0.18/turn              j - +4 ring of slaying (curse)

@: wreathed by umbra, quick
A: very small, no armour, no weapons or thrown items, stealth, claws 1, fangs 3,
large bone plates 1, see invisible, dopey 1, speed 1, shaggy fur 3, sharp paws
}: 1/15 runes: gossamer
a: Shadow Step, Shadow Form, Renounce Religion


You were on level 4 of the Swamp.
You worshipped Dithmenos.
Dithmenos was exalted by your worship.
You visited 7 branches of the dungeon, and saw 36 of its levels.
You also visited: Bailey, Gauntlet and Ice Cave.

You collected 3151 gold pieces.
You spent 147 gold pieces at shops.

Inventory:

Jewellery
 a - an amulet of reflection (around neck)
 j - a cursed +4 ring of slaying (right paw)
 k - an uncursed ring of resist corrosion
 A - the ring of Suspicion {rElec rN+}
   (You found it in a Gauntlet)

   [ring of positive energy]

   It insulates you from electricity.
   It protects you from negative energy.
 B - a ring of wizardry (left paw)
 I - a +4 ring of evasion
 O - the amulet of Foffuts {Spirit rC+}
   (You acquired it on level 6 of the Lair of Beasts)

   [amulet of guardian spirit]

   It causes incoming damage to be split between your health and magic.
   It protects you from cold.
 V - an uncursed amulet of the acrobat
 Y - an uncursed amulet of regeneration
Wands
 b - a wand of iceblast (15)
 e - a wand of enslavement (43)
 m - a wand of acid (6)
 x - a wand of random effects (26)
 y - a wand of digging (15)
 z - a wand of flame (42)
 E - a wand of paralysis (9)
 M - a wand of disintegration (3)
Scrolls
 d - 6 scrolls of teleportation
 f - 15 scrolls of remove curse
 o - 6 scrolls of fog
 r - 2 scrolls of brand weapon
 t - 3 scrolls of amnesia
 v - 3 scrolls of holy word
 w - 4 scrolls of torment
 D - 8 scrolls of identify
 F - 2 scrolls of vulnerability
 K - 3 scrolls of silence
 L - a scroll of summoning
 N - a scroll of fear
 U - a scroll of magic mapping
Potions
 g - 9 potions of brilliance
 h - 10 potions of flight
 i - a potion of cancellation
 l - 4 potions of mutation
 n - a potion of invisibility {unknown}
 p - 6 potions of magic
 q - a potion of berserk rage
 s - 10 potions of curing
 C - a potion of heal wounds
 H - 2 potions of ambrosia
 J - 2 potions of might
 S - 3 potions of haste
 T - a potion of lignification
 X - a potion of resistance
Miscellaneous
 u - a phial of floods
 G - a phantom mirror
 P - a condenser vane
 W - a phantom mirror


   Skills:
 + Level 17.8 Fighting
 + Level 18.9 Dodging
 - Level 11.4 Stealth
 + Level 16.4 Unarmed Combat
 + Level 3.4 Spellcasting
 - Level 11.0 Hexes
 - Level 13.0 Transmutations
 - Level 5.6 Air Magic
 - Level 12.4 Earth Magic
 - Level 10.0 Evocations


You had 5 spell levels left.
You knew the following spells:

 Your Spells              Type           Power        Failure   Level
a - Ensorcelled Hibernat  Hex/Ice        ###...       1%          2
b - Statue Form           Tmut/Erth      #####....    5%          6
c - Petrify               Tmut/Erth      #####...     1%          4
d - Silence               Hex/Air        ####......   6%          5

Your spell library contained the following spells:

 Spells                   Type           Power        Failure   Level
 Shock                    Conj/Air       ##..         1%          1
 Slow                     Hex            #####...     1%          2
 Swiftness                Air            ###.....     1%          2
 Wereblood                Tmut           #####...     1%          2
 Inner Flame              Hex/Fire       ###.....     1%          3
 Leda's Liquefaction      Hex/Erth       #####.....   1%          4
 Poisonous Vapours        Pois/Air       ##....       3%          2
 Ignite Poison            Fire/Tmut/Pois ###.....     3%          3
 Animate Skeleton         Necr           #.....       6%          1
 Foxfire                  Conj/Fire      #...         6%          1
 Pain                     Necr           #...         6%          1
 Static Discharge         Conj/Air       ##......     6%          3
 Airstrike                Air            ###.......   6%          4
 Mephitic Cloud           Conj/Pois/Air  #.......     9%          3
 Sublimation of Blood     Necr           #.........   10%         2
 Metabolic Englaciation   Hex/Ice        ###.......   17%         5
 Conjure Flame            Conj/Fire      #.......     19%         3
 Vampiric Draining        Necr           #.........   19%         3
 Summon Lightning Spire   Summ/Air       ##......     19%         4
 Bolt of Magma            Conj/Fire/Erth ###.......   30%         5
 Lightning Bolt           Conj/Air       ##........   45%         5
 Animate Dead             Necr           #.........   50%         4
 Sticky Flame             Conj/Fire      #.......     50%         4
 Agony                    Necr           #.......     83%         5
 Fireball                 Conj/Fire      #.........   83%         5
 Iskenderun's Battlesphe  Conj           #.......     83%         5
 Iron Shot                Conj/Erth      ####......   56%         6
 Conjure Ball Lightning   Conj/Air       ##........   95%         6
 Orb of Destruction       Conj           #.........   100%        7
 Spellforged Servitor     Conj/Summ      #.........   100%        7
 Shatter                  Erth           #####.....   100%        9
 Tornado                  Air            ###.......   100%        9
 Portal Projectile        Hex/Tloc       Unusable     N/A         3

Dungeon Overview and Level Annotations

Branches:
Dungeon (15/15)            Temple (1/1) D:7            Lair (6/6) D:9
  Swamp (4/4) Lair:4       Spider (4/4) Lair:3        Slime (0/5) Lair:6
    Orc (2/2) D:11         Vaults (4/5) D:13          Crypt (0/3) Vaults:2
 Depths (0/5) D:15         Bailey (visited)           IceCv (visited)
Gauntlet (visited)
    Elf: Orc:2

Altars:
Ashenzari
Cheibriados
Dithmenos
Elyvilon
Fedhas
Gozag
Hepliaklqana
Kikubaaqudgha
Makhleb
Nemelex Xobeh
Okawaru
Qazlal
Ru
Sif Muna
Trog
Uskayaw
Vehumet
Wu Jian
Xom
Yredelemnul
Zin
The Shining One

Shops:
D:6 *((   Orc:1 [

Portals:
Abyss: D:8

Annotations:
D:2 Natasha
D:7 Joseph, Maggie
D:8 2 transporters, Froggeryz's ghost, novice NaTm
D:9 exclusion: downstairs
D:12 2 runed translucent doors, Flure's ghost, journeyman DgIE
D:15 exclusions: acid dragon, dream sheep, hydra, 3 slime creatures, troll, wraith and 1 more exclusion
Lair:3 2 transporters, Lonelite's ghost, journeyman DECj
Lair:5 exclusions: 2 downstairs and 4 oklob plants
Swamp:4 Lernaean hydra
Orc:2 Azrael


Innate Abilities, Weirdness & Mutations

You cannot wear armour.
You are incapable of wielding weapons or throwing items.
Your paws allow you to move quietly. (Stealth)
You have sharp claws.
You have razor-sharp teeth.
You have supernaturally acute eyesight. (SInv)
You cover ground quickly.
Your thick and shaggy fur keeps you warm. (AC +3, rC+)
Your sharp claws are effective at attacking unaware monsters.
You are partially covered in large bone plates. (SH +4)
You are dopey. (Int -2)


Message History

The 27-headed Lernaean hydra bites you. x2
The 27-headed Lernaean hydra bites you! x2
The 27-headed Lernaean hydra completely misses you.
The 27-headed Lernaean hydra bites you. x2
You block the 27-headed Lernaean hydra's attack.
The 27-headed Lernaean hydra bites you! The 27-headed Lernaean hydra bites you.
You block the 27-headed Lernaean hydra's attack.
The 27-headed Lernaean hydra barely misses you.
The 27-headed Lernaean hydra closely misses you.
The 27-headed Lernaean hydra bites you!
* * * LOW HITPOINT WARNING * * *
The 27-headed Lernaean hydra completely misses you.
The 27-headed Lernaean hydra bites you.
* * * LOW HITPOINT WARNING * * *
The 27-headed Lernaean hydra misses you.
The 27-headed Lernaean hydra completely misses you.
The 27-headed Lernaean hydra barely misses you.
The 27-headed Lernaean hydra completely misses you.
The 27-headed Lernaean hydra bites you!
You die...

≈...≈♣♣♣♣♣.≈§≈≈≈≈≈≈..
≈≈..≈≈ ♣♣.≈≈≈≈≈≈≈..
♣♣≈♣♣♣≈♣♣♣♣≈.≈≈≈≈≈.≈≈♣
♣♣≈D. ♣≈≈≈≈D...≈≈≈...♣♣
≈.≈.♣♣♣.≈≈.♣...≈≈..≈♣
♣...≈≈≈..≈≈[♣....≈.♣♣♣
♣♣.≈≈≈≈.≈≈≈...?§.♣♣.≈
♣≈.§≈≈.≈≈≈≈D≈≈≈♣♣♣.≈≈
♣..@D.<.≈≈..≈≈♣♣♣.≈≈
♣≈≈≈≈..♣.≈≈≈≈≈≈≈≈≈.≈§≈
♣≈≈≈≈.≈♣≈≈≈≈≈≈≈≈.≈.≈≈≈
≈.<≈≈≈≈≈♣♣♣..≈..≈.♣♣≈≈≈≈
≈≈.≈≈≈... ♣♣♣.....♣♣≈..≈
≈}..≈≈..§ ♣♣♣♣..♣♣♣♣..
♣...≈.♣.. ≈≈≈♣ ≈.
♣♣♣♣≈♣♣♣≈♣ ..≈≈^. ♣♣
♣≈≈§≈≈≈.


You could see the 27-headed Lernaean hydra, an eight-headed hydra (wandering), a
six-headed hydra (wandering) and a five-headed hydra (wandering).

Vanquished Creatures
  The ghost of Mujukuneu the Cleaver, a veteran HuCj of Sif Muna (Vaults:2)
  Jory (Vaults:3)
  A tentacled monstrosity (Swamp:3)
  An ancient champion (Vaults:2)
  A sphinx (Vaults:4)
  Agnes (Spider:1)
  Kirke (Spider:2)
  A fenstrider witch (Swamp:4)
  A deep elf sorcerer (Vaults:1)
  An orc warlord (Bailey)
  3 fire giants (Vaults:4)
  5 ghost moths
  10 vault wardens
  A ghoul (Vaults:4)
  6 emperor scorpions (Spider:4)
  6 ironheart preservers
  7 very ugly things
  A vampire knight (Vaults:2)
  4 stone giants
  Nessos (D:12)
  2 deep elf annihilators
  2 entropy weavers (Lair:5)
  2 eleionomae
  3 bunyips
  2 ettins (Orc:1)
  3 fire dragons
  4 great orbs of eyes
  5 yaktaur captains
  6 boulder beetles
  21 hydras
  3 vault guards (Vaults:3)
  2 ice dragons (Vaults:3)
  3 catoblepae (Lair:6)
  3 rakshasas
  5 alligators
  6 centaur warriors
  35 two-headed ogres
  2 death knights (Vaults:4)
  A queen ant (Lair:5)
  11 ogre magi
  23 death yaks
  A vampire mage (Vaults:2)
  Urug (D:12)
  9 deep elf knights
  Sonja (Lair:1)
  A soul eater (Gauntlet)
  9 goliath frogs
  A shadow wraith (Vaults:4)
  An unseen horror (shapeshifter) (Vaults:4)
  5 skeletal warriors
  4 unseen horrors
  3 black mambas
  A deep troll (Vaults:4)
  A flayed ghost (Vaults:4)
  5 bog bodies
  3 spriggan druids
  2 glowing orange brains
  3 deep elf archers
  5 swamp dragons
  9 orc knights
  3 wizards
  Pikel (D:7)
  A lindwurm (Lair:6)
  3 harpies (Vaults:2)
  8 deep elf magi
  13 ironbrand convokers
  2 phantasmal warriors
  15 orb spiders
  A salamander (shapeshifter) (Vaults:1)
  A salamander (D:15)
  5 cyclopes
  3 orc sorcerers
  20 wolf spiders
  28 ugly things
  3 manticores
  4 will-o-the-wisps
  2 centaur zombies
  10 vault sentinels
  16 elephants
  4 moths of wrath
  A guardian serpent (shapeshifter) (Vaults:1)
  Maurice (D:8)
  11 cane toads
  An eye of devastation (shapeshifter) (Vaults:1)
  A storm dragon simulacrum (Vaults:3)
  2 gargoyles
  26 yaktaurs
  4 freezing wraiths
  2 rime drakes (Lair:5)
  9 komodo dragons
  A rime drake (shapeshifter) (Vaults:4)
  6 demonic crawlers
  An ice devil (IceCv)
  A bloated husk (Swamp:4)
  5 trolls
  13 hornets
  25 jumping spiders
  A polar bear (Lair:6)
  A wind drake (shapeshifter) (Vaults:3)
  Prince Ribbit (D:6)
  30 slime creatures
  9 dream sheep
  A harpy skeleton (D:15)
  Grinder (D:6)
  6 tyrant leeches
  19 blink frogs
  A frost giant simulacrum (Vaults:2)
  24 tarantellas
  A redback (shapeshifter) (Vaults:3)
  6 wyverns
  2 vampires (D:13)
  9 spriggans
  A tarantella (shapeshifter) (Vaults:2)
  5 wraiths
  46 redbacks
  63 yaks
  Eustachio (D:5)
  2 basilisks (Lair:6)
  A basilisk (shapeshifter) (Vaults:1)
  2 hogs (Spider:2)
  A hog (shapeshifter) (Vaults:2)
  Grum (Lair:1)
  Menkaure (D:5)
  15 vampire mosquitoes
  Edmund (D:4)
  5 acid dragons
  5 wargs
  15 soldier ants
  18 water moccasins
  10 swamp worms
  7 swamp drakes
  2 hell hounds (Orc:1)
  2 sky beasts
  A black bear (D:8)
  32 orc warriors
  2 ice beasts
  2 necrophages (D:11)
  27 ogres
  24 wolves
  18 centaurs
  An eye of draining (D:10)
  9 boggarts (Vaults:2)
  3 lemures
  3 big kobolds
  A gnoll sergeant (D:6)
  14 bullfrogs
  A water moccasin zombie (D:10)
  4 scorpions
  A swamp dragon simulacrum (IceCv)
  11 killer bees
  16 wights
  4 electric eels
  3 howler monkeys
  A quasit (D:6)
  6 centaur skeletons
  A bullfrog zombie (D:13)
  3 hounds
  15 orc priests
  4 jellies
  A bullfrog skeleton (D:11)
  Jessica (D:2)
  Terence (D:2)
  2 iguanas
  24 orc wizards
  Natasha (D:2)
  24 worker ants
  A centaur simulacrum (IceCv)
  A hound zombie (D:9)
  A howler monkey skeleton (D:5)
  20 gnolls
  A river rat (D:3)
  9 adders
  4 shadow imps
  5 white imps
  2 ufetubi
  4 oozes
  An adder zombie (D:6)
  A worm (D:2)
  2 adder skeletons (D:5)
  4 dart slugs
  5 leopard geckos
  89 orcs
  2 ball pythons
  6 bats
  6 giant cockroaches
  37 goblins
  16 hobgoblins
  15 jackals
  5 quokkas
  8 frilled lizards
  21 kobolds
  A quokka zombie (D:7)
  4 rats
1364 creatures vanquished.

Vanquished Creatures (collateral kills)
  An orc knight (Orc:1)
  A gargoyle (D:13)
  A rime drake (Lair:5)
  A vampire mosquito (D:13)
  An ice beast (D:13)
5 creatures vanquished.

Vanquished Creatures (others)
  An ironheart preserver (Vaults:3)
  An entropy weaver (Vaults:1)
  A vault guard (Vaults:3)
  A spriggan (Swamp:1)
  A spriggan druid (Swamp:1)
  A bloated husk (Swamp:1)
  A hornet (Swamp:1)
  A dream sheep (Lair:4)
  A redback (Vaults:1)
  A human (Spider:2)
  4 vampire mosquitoes (Swamp:1)
  An ogre (Vaults:1)
  14 foxfires (Swamp:3)
  68 fungi
  99 plants
196 creatures vanquished.

Grand Total: 1565 creatures vanquished

Notes
Turn   | Place    | Note
-------+----------+-------------------------------------------
     0 | D:1      | Baz the Felid Wanderer began the quest for the Orb.
     0 | D:1      | Baz set off with the following items: a scroll of fear, a
                  | scroll of blinking, a potion of lignification, a scroll of
                  | teleportation
     0 | D:1      | Reached XP level 1. HP: 12/12 MP: 2/2
   109 | D:1      | Reached skill level 1 in Stealth
   261 | D:1      | Reached XP level 2. HP: 5/16 MP: 3/3
   813 | D:1      | Reached XP level 3. HP: 19/19 MP: 4/4
  1030 | D:2      | Noticed Jessica
  1081 | D:2      | Noticed Natasha
  1756 | D:2      | Noticed Terence
  3203 | D:3      | Reached XP level 4. HP: 23/23 MP: 5/5
  3607 | D:4      | Noticed Edmund
  3739 | D:4      | Noticed a phantom
  4379 | D:5      | Entered Level 5 of the Dungeon
  4671 | D:5      | Reached XP level 5. HP: 26/26 MP: 6/6
  4767 | D:5      | Reached skill level 1 in Dodging
  4843 | D:5      | Noticed Eustachio
  4974 | D:5      | Noticed Menkaure
  4978 | D:5      | Killed Menkaure
  4979 | D:5      | Reached skill level 2 in Dodging
  4979 | D:5      | Reached skill level 5 in Stealth
  4979 | D:5      | Gained mutation: You are covered in thick fur. (AC +2)
                  | [Felid growth]
  4979 | D:5      | Reached XP level 6. HP: 31/31 MP: 7/7
  5347 | D:6      | Found Cob Nyuqu's Antique Weapon Emporium.
  5718 | D:6      | Found Lihowisk's Antique Weapon Shoppe.
  6563 | D:6      | Reached XP level 7. HP: 22/35 MP: 8/8
  6677 | D:6      | Noticed a troll
  6754 | D:6      | Found Neot's Assorted Antiques.
  6760 | D:6      | Bought a scroll of identify for 42 gold pieces
  6760 | D:6      | Bought a potion of lignification for 63 gold pieces
  6994 | D:6      | Reached skill level 5 in Unarmed Combat
  7234 | D:6      | Killed a troll
  7235 | D:6      | Reached skill level 4 in Dodging
  7379 | D:6      | Reached XP level 8. HP: 21/40 MP: 9/9
  7640 | D:6      | Noticed Grinder
  7643 | D:6      | Killed Grinder
  7687 | D:6      | Noticed Prince Ribbit
  7689 | D:6      | Killed Prince Ribbit
  7690 | D:6      | Reached skill level 5 in Dodging
  7901 | D:5      | Killed Eustachio
  7902 | D:5      | Reached skill level 6 in Dodging
  7963 | D:4      | Killed Edmund
  8435 | D:2      | Killed Terence
  8549 | D:2      | Killed Jessica
  8776 | D:2      | Killed Natasha
  9081 | D:2      | Reached skill level 7 in Dodging
  9207 | D:2      | Noticed Natasha
  9665 | D:7      | Noticed a cyclops
 10027 | D:6      | Killed a cyclops
 10028 | D:6      | Reached XP level 9. HP: 44/44 MP: 10/10
 10048 | D:6      | Bought a scroll of identify for 42 gold pieces
 10078 | D:7      | Noticed Maggie
 10398 | D:7      | Noticed Joseph
 10959 | D:8      | Reached skill level 8 in Dodging
 11356 | D:8      | Found a transporter.
 11368 | D:7      | Noticed Pikel
 11851 | D:8      | Noticed Maurice
 12139 | D:9      | Reached skill level 5 in Evocations
 12245 | D:9      | Found an ancient bone altar of Kikubaaqudgha.
 12264 | D:9      | Found a staircase to the Lair.
 12574 | D:7      | Killed Pikel
 13011 | D:7      | Reached XP level 10. HP: 49/49 MP: 11/11
 13211 | D:7      | Found a staircase to the Ecumenical Temple.
 13223 | Temple   | Entered the Ecumenical Temple
 13333 | Temple   | Became a worshipper of Dithmenos the Shadowed
 13810 | D:8      | Killed Maurice
 14113 | D:8      | Found a transporter.
 14234 | D:8      | Found a one-way gate to the infinite horrors of the Abyss.
 14234 | D:8      | Noticed Froggeryz's ghost (novice NaTm)
 14343 | D:9      | Noticed a two-headed ogre
 14353 | D:9      | Killed a two-headed ogre
 14354 | D:9      | Reached skill level 9 in Dodging
 14400 | D:9      | Reached skill level 10 in Stealth
 15032 | D:10     | Entered Level 10 of the Dungeon
 15527 | D:10     | Noticed an unseen horror
 15537 | D:10     | Killed an unseen horror
 15777 | D:10     | Noticed a gargoyle
 15811 | D:10     | Killed a gargoyle
 15811 | D:10     | Reached * piety under Dithmenos
 15812 | D:10     | Reached skill level 10 in Fighting
 15812 | D:10     | Reached skill level 10 in Dodging
 16533 | D:9      | Reached XP level 11. HP: 44/54 MP: 12/12
 16721 | D:10     | Noticed a two-headed ogre
 16746 | D:10     | Killed a two-headed ogre
 17245 | D:10     | Noticed a two-headed ogre
 18050 | D:10     | Reached ** piety under Dithmenos
 18147 | D:10     | Killed a two-headed ogre
 18148 | D:10     | Reached skill level 11 in Dodging
 18858 | Lair:1   | Entered Level 1 of the Lair of Beasts
 19714 | Lair:1   | Reached skill level 10 in Unarmed Combat
 20051 | Lair:1   | Noticed an eight-headed hydra
 20277 | Lair:1   | Noticed Grum
 20380 | D:9      | Gained mutation: You are dopey. (Int -2) [potion of
                  | mutation]
 20380 | D:9      | Gained mutation: You are partially covered in large bone
                  | plates. (SH +4) [potion of mutation]
 20701 | D:11     | Reached skill level 12 in Dodging
 20805 | D:11     | Gained mutation: Your thick and shaggy fur keeps you warm.
                  | (AC +3, rC+) [Felid growth]
 20805 | D:11     | Reached XP level 12. HP: 54/60 MP: 13/13
 20828 | D:11     | Reached *** piety under Dithmenos
 21236 | D:11     | Found a staircase to the Orcish Mines.
 21943 | D:12     | Noticed a two-headed ogre
 21948 | D:12     | Killed a two-headed ogre
 21966 | D:12     | Noticed a lich
 21966 | D:12     | Noticed Flure's ghost (journeyman DgIE)
 21967 | D:12     | Noticed a storm dragon
 21967 | D:12     | Noticed a storm dragon
 22202 | D:12     | Found a runed translucent door.
 22223 | D:12     | Found a runed translucent door.
 22244 | D:12     | Noticed Nessos
 22246 | D:12     | Killed Nessos
 22364 | D:12     | Noticed Urug
 22371 | D:12     | Killed Urug
 22751 | D:13     | Noticed a five-headed hydra
 22754 | D:13     | Killed a five-headed hydra
 22991 | D:13     | Reached skill level 13 in Dodging
 23081 | D:13     | Identified the +1 hand crossbow "Cofuixime" {elec, +Blink
                  | MR+ Dex+4}
 23371 | D:13     | Found an opulent altar of Gozag.
 23457 | D:13     | Noticed a two-headed ogre
 23670 | D:13     | Noticed a centaur warrior
 23678 | D:13     | Killed a centaur warrior
 23739 | D:13     | Noticed a two-headed ogre
 23740 | D:13     | Killed a two-headed ogre
 23752 | D:13     | Found a gate to the Vaults.
 24297 | D:14     | Noticed a four-headed hydra
 24326 | D:14     | Killed a four-headed hydra
 24758 | D:14     | Reached XP level 13. HP: 55/65 MP: 14/14
 25285 | D:15     | Entered Level 15 of the Dungeon
 25296 | D:15     | Reached skill level 10 in Evocations
 25408 | D:15     | Reached skill level 14 in Dodging
 25720 | D:15     | Found an ancient bone altar of Kikubaaqudgha.
 25721 | D:15     | Paralysed by a great orb of eyes for 5 turns
 25882 | D:15     | Found a staircase to the Depths.
 26046 | Lair:1   | Killed Grum
 26248 | Lair:1   | Noticed Sonja
 26255 | Lair:1   | Killed Sonja
 27197 | Lair:2   | Reached **** piety under Dithmenos
 27801 | Lair:3   | Found a gate leading to a gauntlet.
 27807 | Gauntlet | Entered a Gauntlet
 27807 | Gauntlet | Found a transporter.
 27810 | Gauntlet | Found a transporter.
 27812 | Gauntlet | Found a transporter.
 27827 | Gauntlet | Found a transporter.
 27828 | Gauntlet | Found a transporter.
 27837 | Gauntlet | Found a transporter.
 27853 | Gauntlet | Found a transporter.
 27863 | Gauntlet | Found a transporter.
 27873 | Gauntlet | Found a transporter.
 27887 | Gauntlet | Found a transporter.
 27896 | Gauntlet | Found a transporter.
 27902 | Gauntlet | Found a transporter.
 28466 | Gauntlet | Found a transporter.
 28472 | Gauntlet | Got a transparent brass ring
 28475 | Gauntlet | Identified the ring of Suspicion {rElec rN+} (You found it
                  | in a Gauntlet)
 28537 | Gauntlet | Identified the Grimoire of Execration
 28542 | Gauntlet | Learned a level 2 spell: Ensorcelled Hibernation
 28617 | Gauntlet | Identified the +4 arbalest "Vaamna" {flame, Int+5}
 28617 | Gauntlet | Noticed a minotaur
 28624 | Gauntlet | Slain by a minotaur
 28625 | Gauntlet | Reached XP level 12. HP: -3/63 MP: 13/13
 28704 | Lair:3   | Learned a level 6 spell: Statue Form
 28811 | Lair:3   | Found a hole to the Spider Nest.
 28861 | Lair:3   | Found a hide-covered altar of Uskayaw.
 28984 | Lair:3   | Reached skill level 1 in Transmutations
 29079 | Lair:3   | Reached skill level 1 in Earth Magic
 29207 | Lair:3   | Found a transporter.
 29215 | Lair:3   | Found a transporter.
 29219 | Lair:3   | Found the +7 Spriggan's Knife {stab, EV+4 Stlth+}
 29219 | Lair:3   | Noticed Lonelite's ghost (journeyman DECj)
 29221 | Lair:3   | Noticed a six-headed hydra
 29651 | Lair:3   | Killed a six-headed hydra
 29787 | Lair:4   | Reached XP level 13. HP: 66/66 MP: 14/14
 29817 | Lair:4   | Found a staircase to the Swamp.
 30177 | Lair:4   | Reached skill level 15 in Dodging
 31462 | Lair:4   | Found a white marble altar of Elyvilon.
 31727 | Lair:4   | Reached ***** piety under Dithmenos
 32008 | Lair:5   | Reached skill level 1 in Spellcasting
 32180 | Lair:5   | Reached skill level 5 in Transmutations
 33736 | Lair:5   | Reached skill level 5 in Earth Magic
 33801 | Lair:5   | Noticed an entropy weaver
 34977 | Lair:5   | Killed an entropy weaver
 35019 | Lair:5   | Noticed an entropy weaver
 35030 | Lair:5   | Killed an entropy weaver
 35031 | Lair:5   | Reached XP level 14. HP: 38/70 MP: 19/19
 35849 | Lair:6   | Entered Level 6 of the Lair of Beasts
 36828 | Orc:1    | Entered Level 1 of the Orcish Mines
 36862 | Orc:1    | Found a flagged portal.
 36877 | Bailey   | Entered a bailey
 37424 | Bailey   | Noticed an orc warlord
 37448 | Bailey   | Killed an orc warlord
 37456 | Bailey   | Reached ****** piety under Dithmenos
 39123 | Orc:1    | Found Musesoas's Antique Armour Shop.
 39329 | Orc:2    | Entered Level 2 of the Orcish Mines
 39329 | Orc:2    | Noticed Azrael
 42720 | Lair:5   | Reached skill level 10 in Transmutations
 44592 | Lair:6   | Reached XP level 15. HP: 50/74 MP: 16/20
 45435 | Lair:6   | Found a staircase to the Slime Pits.
 46035 | Lair:6   | Reached skill level 10 in Earth Magic
 46067 | Lair:6   | Identified 2 scrolls of acquirement
 46068 | Lair:6   | Acquired the amulet of Foffuts {Spirit rC+}
 46070 | Lair:6   | Acquired the Collected Works on Shape Shifting and Attacks
 46336 | Lair:6   | Learned a level 4 spell: Petrify
 46529 | Spider:1 | Entered Level 1 of the Spider Nest
 47742 | Spider:1 | Noticed Agnes
 47755 | Spider:1 | Killed Agnes
 48327 | Spider:2 | Noticed a ghost moth
 48331 | Spider:2 | Killed a ghost moth
 48598 | Spider:2 | Noticed Kirke
 48609 | Spider:2 | Killed Kirke
 50001 | Spider:4 | Entered Level 4 of the Spider Nest
 50289 | Spider:4 | Found a frozen archway.
 50310 | IceCv    | Entered an ice cave
 51160 | Spider:4 | Reached XP level 16. HP: 79/79 MP: 13/21
 53480 | Spider:4 | Got a gossamer rune of Zot
 53674 | Swamp:1  | Entered Level 1 of the Swamp
 53797 | Swamp:1  | Reached skill level 15 in Fighting
 56021 | Swamp:3  | Reached XP level 17. HP: 85/85 MP: 16/22
 56405 | Swamp:3  | Reached skill level 1 in Hexes
 56588 | Swamp:3  | Noticed a tentacled monstrosity
 56709 | Swamp:3  | Killed a tentacled monstrosity
 56782 | Swamp:4  | Entered Level 4 of the Swamp
 56895 | Swamp:4  | Noticed the 27-headed Lernaean hydra
 57394 | Vaults:1 | Entered Level 1 of the Vaults
 57411 | Vaults:1 | Reached skill level 5 in Hexes
 57918 | Vaults:1 | Reached skill level 16 in Dodging
 58758 | Vaults:1 | Reached XP level 18. HP: 91/91 MP: 14/23
 59148 | Vaults:1 | Reached skill level 15 in Unarmed Combat
 59890 | Vaults:2 | Found a runed translucent door.
 59890 | Vaults:2 | Noticed Mujukuneu's ghost (veteran HuCj)
 59928 | Vaults:2 | Killed Mujukuneu's ghost
 59929 | Vaults:2 | Reached skill level 17 in Dodging
 59931 | Vaults:2 | Identified Iryfog's Casting Continued
 60258 | Vaults:2 | Reached skill level 10 in Hexes
 61587 | Vaults:2 | Found a staircase to the Crypt.
 62212 | Vaults:2 | Learned a level 5 spell: Silence
 62421 | Vaults:3 | Noticed Jory
 62426 | Vaults:3 | Killed Jory
 62501 | Vaults:3 | Reached skill level 1 in Air Magic
 63295 | Vaults:3 | Reached XP level 19. HP: 96/96 MP: 15/24
 63544 | Vaults:3 | Reached skill level 18 in Dodging
 64060 | Vaults:3 | Identified the cursed +0 arbalest "Siywnott" {speed, rPois
                  | MP+9 Str-2}
 64424 | Vaults:3 | You fall into a shaft and drop 1 floor!
 64481 | Vaults:4 | HP: 3/124 [mirror damage (4)]
 64481 | Vaults:4 | Slain by a wraith
 64482 | Vaults:4 | Reached XP level 18. HP: -3/120 MP: 22/23
 64551 | Vaults:4 | Found a hazy altar of Hepliaklqana.
 64784 | Vaults:4 | HP: 5/120 [fire dragon (3)]
 64784 | Vaults:4 | Demolished by a sphinx
 64785 | Vaults:4 | Reached XP level 17. HP: -16/114 MP: 20/22
 64820 | Vaults:4 | Reached skill level 5 in Air Magic
 65061 | Vaults:4 | HP: 5/115 [freezing wraith[a death knight] (21)]
 65767 | Vaults:4 | Paralysed by an orc sorcerer for 3 turns
 67195 | Swamp:4  | Slain by the 27-headed Lernaean hydra

Illustrated notes

Levels and vault maps discovered:
D:1:      minmay_arrival_glassed_features, layout_loops_ring
D:2:      layout_basic, nrook_loot_triangle, minmay_lizard_pond, uniq_natasha,
          uniq_terence, uniq_jessica
D:3:      layout_loops_ring, portal_sewer_entry_b
D:4:      layout_cave_pools, uniq_edmund
D:5:      layout_loops_ring, corexii_corridor_pit, dk_rats_in_the_wall,
          uniq_menkaure, uniq_eustachio
D:6:      layout_basic, serial_shops, nicolae_shop_waterfront, shop_statue,
          kennysheep_mini_moat, uniq_grinder, uniq_prince_ribbit1
D:7:      layout_cave_pods, minmay_temple_entry_ruins, uniq_pikel, uniq_joseph,
          uniq_maggie
D:8:      layout_loops_ring, gammafunk_ghost_abyssal_escape, uniq_maurice
D:9:      layout_basic, nicolae_overflow_hidden_temple, dpeg_oklobed_lair,
          minmay_crystal_water, minmay_misc_feat_more_columns,
          kennysheep_small_circle
D:10:     layout_long_grid
D:11:     layout_basic, orc_0_dummy
D:12:     layout_cave_pods, muffindrake_ghost_dual_entry, uniq_urug, uniq_nessos
D:13:     layout_long_grid, david_vaults_1, corexii_leaking_fountain,
          eino_curves_03, grunt_gozag_statues
D:14:     layout_basic, infiniplex_staircase_pillars_1
D:15:     hangedman_depths_entry_try_elsewhere_first, layout_gridville,
          serial_park_tiny_1, minmay_ruined_shrine
Temple:   kilobyte_greek_temple
Lair:1:   layout_roguey, beast_lair_carwin_6, uniq_grum, uniq_sonja
Lair:2:   layout_chaotic_city, uniq_nergalle
Lair:3:   layout_roguey, nicolae_spider_entry_orb_guardian, basic_altar,
          gauntlet_entry_generic, gammafunk_ghost_berserking_beasts,
          chequers_serial_rivers_micro_b, st_stairs_11
Lair:4:   layout_concentric_octagons, skrybe_swamp_entry_bodies,
          lemuel_centaur_altar
Lair:5:   layout_regular_city, zaba_antful_of_joy, minmay_lair_oklob_chamber,
          lemuel_fruit_fields
Lair:6:   evilmike_catoblepas_cave, layout_small_grid, slime_dummy,
          infiniplex_staircase_pool_2, serial_bayou_shore_b,
          serial_bayou_shore_b, grunt_megastairs_5
Swamp:1:  layout_basic_swamp, hangedman_swamp_blocks, swamp_pool4,
          hangedman_swamp_lotus
Swamp:2:  layout_basic_swamp, nicolae_swamp_round_clearing, swamp_pool5,
          st_swamp_mini
Swamp:3:  cheibrodos_swamp_monstrosity, layout_falls_marsh,
          infiniplex_staircase_pool
Swamp:4:  swamp_basic_johnstein, layout_basic_swamp, swamp_pool4
Spider:1: layout_chambers, hangedman_spider_tarantella_strand, uniq_agnes
Spider:2: layout_spider_delve, guppyfry_spider_mini_3, uniq_kirke
Spider:3: layout_spider_delve
Spider:4: spider_rune_water, portal_ice_cave_entry_pillars_three,
          nicolae_spider_webbed_stairs
Orc:1:    layout_diamond_mine, enter_bailey_5, serial_shops, shop
Orc:2:    grunt_orc_tribal_feast, layout_caves, basic_altar, serial_shops, shop,
          uniq_jorgrun, uniq_azrael
Vaults:1: hangedman_vaults_capsules, v_misc_24, v_misc_17, v_pattern_4,
          v_misc_16, ontoclasm_vaults_eye, nicolae_vaults_border_crossing,
          nicolae_vaults_big_ls, hangedman_vaults_nails,
          nicolae_vaults_little_squares_2, vaults_dpeg_ring,
          ontoclasm_vaults_loading_screen, layout_vaults_maze
Vaults:2: gammafunk_vaults_ghost_grave, minmay_crypt_entry_simple_corners,
          vaults_standard_mumra_lines, vaults_mumra_hexcomb,
          ontoclasm_vaults_tryst, hangedman_vaults_nails, hangedman_vaults_trim,
          hangedman_vaults_nails, vaults_dpeg_encased_lava,
          grunt_vaults_bifocal, nicolae_vaults_gold_heap,
          hangedman_vaults_cutoff, nicolae_vaults_asterisk,
          layout_vaults_big_room
Vaults:3: nicolae_vaults_big_angled_halls, v_misc_15,
          nicolae_vaults_network_square, nicolae_vaults_yaktaur_gun_rack,
          grunt_vaults_funnel, v_misc_27, nicolae_vaults_theta,
          vaults_room_corners, layout_vaults_quadrants, uniq_jory
Vaults:4: hangedman_vaults_impose, nicolae_vaults_little_squares_1,
          vaults_room_door_ring, v_alt_pattern_6, v_rooms_6, v_misc_26,
          vaults_mumra_minichess, ontoclasm_vaults_ligature, v_pattern_1,
          hangedman_vaults_cutoff, layout_vaults_ring, basic_altar

Skill      XL: |  1  2  3  4  5  6  7  8  9 10 11 12 13 14 15 16 17 18 19 |
---------------+----------------------------------------------------------+-----
Stealth        | 1 2 3 4 5 7 9 10 11 | 11.4
Dodging        | 2 4 7 8 10 12 13 15 16 17 18 | 18.9
Fighting       | 6 7 8 10 11 12 13 15 16 17 | 17.8
Unarmed Combat | 4 5 6 7 8 10 11 12 13 14 15 16 | 16.4
Evocations     | 3 4 6 8 9 10 | 10.0
Transmutations | 2 7 10 13 | 13.0
Earth Magic    | 1 6 9 11 12 | 12.4
Spellcasting   | 3 |  3.4
Hexes          | 8 11 | 11.0
Air Magic      | 5 2 4 |  5.6

Action                   |  1- 3 |  4- 6 |  7- 9 | 10-12 | 13-15 | 16-18 | 19-21 || total
-------------------------+-------+-------+-------+-------+-------+-------+-------++-------
Melee: Unarmed           |   102 |    70 |   417 |  1059 |  2135 |  1295 |   107 ||  5185
       Bite              |     6 |     4 |    52 |   159 |   332 |   126 |    10 ||   689
       Punch             |     1 |     1 |    13 |    62 |   157 |    85 |     7 ||   326
 Cast: Statue Form       |       |       |       |       |    33 |   113 |     8 ||   154
       Ensorcelled Hiber |       |       |       |       |     4 |       |       ||     4
       Petrify           |       |       |       |       |    30 |    45 |       ||    75
Invok: Shadow Step       |       |       |       |     2 |    14 |     9 |     2 ||    27
Evoke: Wand              |       |    18 |    42 |    29 |    76 |    20 |       ||   185
       Phial of floods   |       |       |       |     2 |     3 |     3 |       ||     8
       Condenser vane    |       |       |       |       |       |     3 |     1 ||     4
       Phantom mirror    |       |       |       |       |       |     1 |       ||     1
  Use: Potion            |     2 |       |     3 |     6 |     8 |     3 |       ||    22
       Scroll            |       |     3 |    11 |     4 |    22 |    18 |     2 ||    60
 Stab: Sleeping          |     9 |     8 |    19 |    40 |    65 |    43 |     7 ||   191
       Distracted        |     1 |       |     3 |     4 |    11 |    10 |     1 ||    30
       Paralysed         |       |       |     2 |     1 |       |       |       ||     3
       Betrayed ally     |       |       |       |       |     2 |       |       ||     2
       Petrified         |       |       |       |       |    17 |    29 |       ||    46
       Petrifying        |       |       |       |       |     5 |     9 |       ||    14
       Confused          |       |       |       |       |       |     1 |       ||     1
Armor: Skin              |     9 |     3 |    29 |    18 |   142 |   338 |     9 ||   548
Dodge: Dodged            |    51 |    48 |   329 |   718 |  1861 |  1945 |   105 ||  5057
Block: Other             |       |       |    34 |   229 |   783 |   721 |    41 ||  1808
       Reflection        |       |       |     1 |     7 |     6 |    43 |     7 ||    64

Table legend: (Time is in decaauts)
 A = Elapsed time spent in this place.
 B = Non-inter-level travel time spent in this place.
 C = Inter-level travel time spent in this place.
 D = Time resting spent in this place.
 E = Time spent auto-exploring this place.
 F = Levels seen in this place.
 G = Mean time per level.
                   A        B        C        D        E       F      G
               +--------+--------+--------+--------+--------+-----+--------+
         Total |  63629 |  60136 |   3493 |  25578 |  16619 |  39 | 1631.5 |
       Dungeon |  23772 |  22179 |   1593 |   8921 |   6302 |  15 | 1584.8 |
        Temple |    115 |    105 |     10 |      0 |     54 |   1 |  115.0 |
          Lair |  14956 |  13899 |   1057 |   7185 |   2514 |   6 | 2492.7 |
         Swamp |   4077 |   3845 |    232 |    771 |   2001 |   4 | 1019.2 |
   Spider Nest |   7040 |   6718 |    322 |   3036 |   1805 |   4 | 1760.0 |
  Orcish Mines |   1426 |   1358 |     68 |    620 |    296 |   2 |  713.0 |
        Vaults |  10146 |   9937 |    209 |   3883 |   3580 |   4 | 2536.5 |
        Bailey |    986 |    986 |      0 |    496 |     64 |   1 |  986.0 |
      Ice Cave |    303 |    303 |      0 |    225 |      0 |   1 |  303.0 |
      Gauntlet |    804 |    804 |      0 |    439 |      0 |   1 |  804.0 |
               +--------+--------+--------+--------+--------+-----+--------+

Top non-repeatable levels by time:
  Lair:5: 5519 daAuts
     D:6: 3439 daAuts
  Lair:4: 3043 daAuts
Spider:4: 2849 daAuts
Vaults:2: 2793 daAuts
Vaults:1: 2669 daAuts
Vaults:4: 2512 daAuts
     D:9: 2443 daAuts
    D:10: 2307 daAuts
Vaults:3: 2172 daAuts
     D:3: 2045 daAuts
  Lair:1: 1908 daAuts
  Lair:6: 1896 daAuts
    D:11: 1844 daAuts
     D:8: 1790 daAuts
